 Dungeon Crawl Stone Soup version 0.29.1-1-gd02db6906a (webtiles) character file.

Game seed: 17493291580048783113

21 CertainDeath the Ruffian (level 2, 0/26 HPs)
             Began as a Ghoul Monk on Sept 28, 2022.
             Slain by a gnoll
             ... wielding a +0 club
              (7 damage)
             ... on level 1 of the Dungeon.
             The game lasted 00:01:40 (669 turns).

CertainDeath the Ruffian (Ghoul Monk)                Turns: 669, Time: 00:01:40

Health: 0/26       AC:  2    Str: 14    XL:     2   Next: 83%
Magic:  1/1        EV: 12    Int:  5    God:
Gold:   49         SH:  0    Dex: 11    Spells: 1/1 levels left

rFire   . . .      SeeInvis .     - Unarmed
rCold   + . .      Faith    .   (no shield)
rNeg    + + +      Spirit   .   a - +0 robe
rPois   ∞          Reflect  .   (no helmet)
rElec   .          Harm     .   (no cloak)
rCorr   .          Rampage  .   (no gloves)
Will    .....                   (no boots)
Stlth   ++........              (no amulet)
HPRegen 0.00/turn               (no ring)
MPRegen 0.07/turn               (no ring)

@: inhibited regen
A: claws 1, cold resistance 1, negative energy resistance 3, inhibited
regeneration, torment resistance 2, devour on kill
a: no special abilities


You were on level 1 of the Dungeon.
You visited 1 branch of the dungeon, and saw 2 of its levels.

You collected 49 gold pieces.

Inventory:

Armour
 a - a +0 robe (worn)
Scrolls
 c - a scroll of fear {unknown}
 d - a scroll of silence {unknown}
 g - a scroll of amnesia {unknown}
 h - a scroll of identify {unknown}
Potions
 b - a potion of ambrosia
 e - a potion of brilliance {unknown}
 f - a potion of resistance {unknown}


   Skills:
 + Level 3.6 Fighting
 + Level 0.8 Armour
 - Level 2.6 Dodging
 - Level 2.1 Stealth
 * Level 3.9 Unarmed Combat


You had one spell level left.
You didn't know any spells.
Your spell library was empty.

Dungeon Overview and Level Annotations

Branches:
Dungeon (2/15)

Altars:


Innate Abilities, Weirdness & Mutations

You are immune to poison.
You have sharp fingernails.
Your flesh is cold resistant. (rC+)
You are immune to negative energy. (rN+++)
You do not regenerate when monsters are visible.
You are immune to unholy pain and torment.
You thrive by killing the living.


Message History

You feel better.
You see here a ball python corpse.
You open the door.
There is an open door here.
As you open the door, it creaks loudly!
Found 8 stones.
You open the door.
A bat comes into view.
There is an open door here.
The helpless bat fails to defend itself.
You claw the bat!
You kill the bat!
You open the door.
There is an open door here.
You now have 30 gold pieces (gained 12).
You open the door.
There is an open door here.
You now have 49 gold pieces (gained 19).
There is an open door here.
A gnoll comes into view. It is wielding a +0 club.
There is an open door here.
You open the door.
There is an open door here.
There is an open door here.
A gnoll is nearby!
You open the door.
The gnoll drinks a potion.
The gnoll seems to speed up.
There is an open door here.
You don't know any spells.
Sorry, you're not good enough to have a special ability.
The gnoll hits you with a +0 club.
You scratch the gnoll but do no damage. The gnoll hits you with a +0 club!
You claw the gnoll!
The gnoll is heavily wounded.
The gnoll hits you with a +0 club.
* * * LOW HITPOINT WARNING * * *
You barely miss the gnoll.
The gnoll is heavily wounded.
The gnoll hits you with a +0 club!
You die...

.###...## .#.....#
'..8..+ ..... ##
###...### ## ##.#
##.##.##.## #.#
###...###...#'#...###...
.'....g@.....'.....'....
.##...#'#...###...#'#...
##. #.##.## ##.##.##.#
#.# ###...### ###...###
#.# #..... #.....#. #..
+..8..+ +..8..+. #.#
#.^(..# #.....# #.#
###...### ###...### #.#
##.##.##.## ##.##.##.#


You could see a gnoll (fast).

Vanquished Creatures
  2 dart slugs (D:1)
  A ball python (D:1)
  3 bats (D:1)
  2 endoplasms (D:1)
  A goblin (D:1)
  A hobgoblin (D:1)
  2 jackals (D:1)
  A kobold (D:1)
  3 rats (D:1)
16 creatures vanquished.

Notes
Turn   | Place    | Note
-------+----------+-------------------------------------------
     0 | D:1      | CertainDeath the Ghoul Monk began the quest for the Orb.
     0 | D:1      | Reached XP level 1. HP: 19/19 MP: 0/0
   154 | D:1      | Reached XP level 2. HP: 26/26 MP: 1/1
   669 | D:1      | Slain by a gnoll

Illustrated notes

Levels and vault maps discovered:
D:1:      dpeg_arrival_fog, layout_basic, nicolae_hexahallways
D:2:      layout_rooms, serial_shops, nicolae_shop_overgrown_old_shop,
          ebering_ecumenical_altar_box

Action                   || total
-------------------------++-------
Melee: Unarmed           ||    45
 Stab: Sleeping          ||     4
Armor: Robe              ||    12
Dodge: Dodged            ||    17
